 Dungeon Crawl Stone Soup version 0.28.0-45-g0d030f2227 (webtiles) character file.

Game seed: 1878576045825286850

5077 H0rd4k the Thaumaturge (level 10, 0/50 (52) HPs)
             Began as a Deep Elf Hedge Wizard on Apr 11, 2022.
             Was an Initiate of Gozag.
             Slain by a human
             ... wielding a +0 long sword
              (11 damage)
             ... on level 9 of the Dungeon.
             The game lasted 00:16:59 (12327 turns).

H0rd4k the Thaumaturge (Deep Elf Hedge Wizard)     Turns: 12327, Time: 00:17:00

HP:   0/50 (52)     AC:  2    Str:  7    XL:     10   Next: 31%
MP:   14/29         EV: 18    Int: 30    God:    Gozag
Gold: 1106          SH:  0    Dex: 17    Spells: 27/36 levels left

rFire   + + +      SeeInvis .   s - +6 rapier of Magnificence {vorpal, rF+ rC+ Dex+3}
rCold   + + .      Faith    .   (no shield)
rNeg    . . .      Spirit   .   t - +0 robe {rF+}
rPois   .          Reflect  .   c - +0 hat
rElec   .          Harm     .   u - scarf {rC+ rF+}
rCorr   .          Rampage  .   (no gloves)
Will    +....                   (no boots)
Stlth   ++........              b - amulet of regeneration
HPRegen 0.96/turn               p - +6 ring of intelligence
MPRegen 0.21/turn               q - +4 ring of evasion

@: on blink cooldown, lightly drained
A: no striking features
a: Renounce Religion, Potion Petition, Call Merchant, Bribe Branch


You were on level 9 of the Dungeon.
You worshipped Gozag.
Gozag was most pleased with you.
You visited 2 branches of the dungeon, and saw 10 of its levels.

You collected 1158 gold pieces.
You paid 52 gold pieces to Gozag.

Inventory:

Hand Weapons
 s - the +6 rapier of Magnificence (weapon) {vorpal, rF+ rC+ Dex+3}
   (You found it on level 4 of the Dungeon)

   It inflicts extra damage upon your enemies.
   Dex:       It affects your dexterity (+3).
   rF:        It protects you from fire.
   rC:        It protects you from cold.
Missiles
 r - 4 throwing nets
Armour
 c - a +0 hat (worn)
 t - a +0 robe of fire resistance (worn)
 u - a scarf of resistance (worn)
Magical Staves
 C - a staff of fire
Jewellery
 a - a +6 ring of dexterity
 b - an amulet of regeneration (around neck)
 p - a +6 ring of intelligence (left hand)
 q - a +4 ring of evasion (right hand)
 y - an amulet of the acrobat
Wands
 v - a wand of flame (43)
 B - a wand of polymorph (7)
Scrolls
 f - a scroll of blinking {unknown}
 h - 3 scrolls of enchant weapon {unknown}
 i - 4 scrolls of enchant armour
 l - a scroll of noise {unknown}
 m - 3 scrolls of magic mapping
 o - 5 scrolls of teleportation
 z - a scroll of amnesia {unknown}
 A - a scroll of fear {unknown}
 D - 2 scrolls of brand weapon {unknown}
 E - a scroll of summoning {unknown}
 F - a scroll of immolation {unknown}
Potions
 d - a potion of might {unknown}
 e - 3 potions of cancellation
 g - a potion of invisibility {unknown}
 j - 3 potions of ambrosia
 k - a potion of curing {unknown}
 n - 2 potions of flight
 w - a potion of lignification {unknown}
 x - a potion of heal wounds {unknown}
 G - a potion of degeneration {unknown}


   Skills:
 + Level 1.3 Fighting
 + Level 4.0 Dodging
 - Level 2.4 Stealth
 + Level 13.6 Spellcasting
 + Level 10.3 Conjurations
 + Level 1.1 Summonings
 + Level 2.9 Translocations
 + Level 3.1 Fire Magic
 + Level 2.7 Air Magic
 + Level 2.8 Poison Magic


You had 27 spell levels left.
You knew the following spells:

 Your Spells              Type           Power      Damage    Failure   Level
a - Magic Dart            Conj           100%       1d8       1%          1
b - Blink                 Tloc           76%        N/A       1%          2
c - Conjure Flame         Conj/Fire      57%        6-21      1%          3
d - Mephitic Cloud        Conj/Pois/Air  51%        N/A       1%          3

Your spell library contained the following spells:

 Spells                   Type           Power      Damage    Failure   Level
 Static Discharge         Conj/Air       56%        N/A       1%          2
 Freeze                   Ice            80%        1d9       2%          1
 Slow                     Hex            80%        N/A       2%          1
 Call Imp                 Summ           27%        N/A       2%          2
 Lesser Beckoning         Tloc           38%        N/A       2%          3
 Ensorcelled Hibernation  Hex/Ice        40%        N/A       3%          2
 Hailstorm                Conj/Ice       51%        3d11      3%          4
 Spider Form              Tmut/Pois      29%        N/A       4%          3
 Lightning Bolt           Conj/Air       28%        1d44      4%          5
 Passage of Golubria      Tloc           38%        N/A       7%          4
 Frozen Ramparts          Ice            40%        1d6       8%          3
 Manifold Assault         Tloc           38%        N/A       21%         5
 Anguish                  Hex/Necr       10%        N/A       24%         4
 Cause Fear               Hex            10%        N/A       24%         4
 Silence                  Hex/Air        14%        N/A       36%         5
 Dragon Form              Tmut           10%        N/A       100%        7
 Lehudib's Crystal Spear  Conj/Erth      25%        10d7      100%        8
 Maxwell's Capacitive Co  Air            18%        ∞         100%        8
 Dragon's Call            Summ           13%        N/A       100%        9


Dungeon Overview and Level Annotations

Branches:
Dungeon (9/15)             Temple (1/1) D:4
   Lair: D:8-11         Orc: D:9-12

Altars:
Ashenzari
Cheibriados
Dithmenos
Elyvilon
Fedhas
Gozag
Hepliaklqana
Kikubaaqudgha
Makhleb
Nemelex Xobeh
Okawaru
Qazlal
Ru
Sif Muna
Trog
Uskayaw
Vehumet
Wu Jian
Xom
Yredelemnul
Zin
The Shining One

Shops:
D:3 [

Annotations:
D:2 exclusion: downstairs
D:4 exclusion: 2 downstairs
D:5 exclusion: downstairs
D:6 exclusion: 2 downstairs


Message History

You are no longer poisoned.
The kobold shoots a bolt.
The bolt misses you.
The kobold shoots a bolt.
The bolt barely misses you.
The centaur wields a +0 shortbow.
The centaur shoots an arrow.
The arrow completely misses you.
The kobold shoots a bolt.
The bolt barely misses you.
Casting: Magic Dart (safe; 1% risk of failure)
Confirm with . or Enter, or press ? or * to list all spells.
Aiming: Mephitic Cloud (safe; 1% risk of failure)
Press: ? - help, Shift-Dir - straight line, f - centaur
Aim: a centaur, wielding a +0 shortbow and quivering arrows (lightly wounded, chance to affect: 81%)
The ball explodes into a vile cloud!
The stinking cloud engulfs the centaur but does no damage.
The centaur is lightly wounded.
The centaur is engulfed in noxious fumes.
The centaur appears confused.
The wight hits you with a +0 war axe!
You feel drained. The wight misses you.
The kobold shoots a bolt.
The bolt closely misses you.
You feel yourself speed up.
The kobold shoots a bolt.
The bolt barely misses you.
The centaur unwields a +0 shortbow.
The centaur misses the kobold.
The centaur closely misses the kobold.
The kobold shoots a bolt.
The bolt barely misses you.
The centaur hits the kobold.
The centaur closely misses the kobold.
The centaur hits itself but does no damage.
The centaur kicks itself but does no damage.
The kobold shoots a bolt.
The bolt hits you.
Found an iron altar of Okawaru.
A human comes into view. It is wielding a +0 long sword.
The human shouts!
A human comes into view. It is wielding a +0 long sword.
Casting: Mephitic Cloud (safe; 1% risk of failure)
Confirm with . or Enter, or press ? or * to list all spells.
You blink.
The human barely misses you.
Unknown command.
The human hits you with a +0 long sword!!
* * * LOW HITPOINT WARNING * * *
The human hits you with a +0 long sword!
You die...
Your body crumbles into a pile of gold.

#### #... ##### #...
...####
####..######.....#
##.....#8...#..##.#
.......###p@#..##.###
$ #....§p_#.......#
#..###z.#.###.#.#
#..# ...#.###.#.#
#..######.....#.##
#.........#####..#
......####.....# ##z#
##.### #......c..#
#$# # #.........# #$#


You could see 2 humans and a wight.

Vanquished Creatures
  Pikel (D:5)
  Maurice (D:8)
  Maggie (D:8)
  12 yaks
  2 black bears
  2 orc warriors
  4 necrophages
  An ogre (D:6)
  2 centaurs
  4 lemures (D:5)
  A phantom (D:7)
  3 kobold brigands
  A bullfrog (D:7)
  2 scorpions (D:5)
  A water moccasin zombie (D:7)
  A wyvern skeleton (D:7)
  A wight (D:9)
  A howler monkey (D:8)
  4 centaur zombies
  A hound (D:6)
  2 jellies
  2 bullfrog skeletons
  A gnoll shaman (D:5)
  A centaur skeleton (D:5)
  4 iguanas
  Natasha (thrice) (D:2)
  2 orc wizards
  A hound skeleton (D:5)
  A howler monkey zombie (D:7)
  3 gnolls
  2 adders
  A white imp (D:7)
  2 ufetubi
  2 dart slugs
  22 orcs
  6 endoplasms
  4 giant cockroaches
  8 goblins
  5 hobgoblins
  6 jackals (D:1)
  3 quokkas
  11 ball pythons
  8 bats
  2 frilled lizards
  19 kobolds
  3 rats (D:1)
170 creatures vanquished.

Notes
Turn   | Place    | Note
-------+----------+-------------------------------------------
     0 | D:1      | H0rd4k the Deep Elf Hedge Wizard began the quest for the
                  | Orb.
     0 | D:1      | Reached XP level 1. HP: 10/10 MP: 7/7
   251 | D:1      | Reached skill level 5 in Spellcasting
   309 | D:1      | Reached XP level 2. HP: 15/15 MP: 5/10
   498 | D:1      | Found a faded altar of an unknown god.
  1102 | D:1      | Reached XP level 3. HP: 19/19 MP: 9/12
  1105 | D:1      | Learned a level 2 spell: Blink
  1109 | D:1      | Learned a level 3 spell: Conjure Flame
  1113 | D:1      | Learned a level 3 spell: Mephitic Cloud
  2360 | D:2      | Found a glowing silver altar of Zin.
  2501 | D:3      | Reached XP level 4. HP: 20/24 MP: 9/13
  2739 | D:3      | Reached skill level 6 in Spellcasting
  2840 | D:3      | Noticed Natasha
  2924 | D:2      | Killed Natasha
  3046 | D:2      | Noticed Natasha
  3058 | D:2      | Killed Natasha
  3059 | D:2      | Reached skill level 1 in Air Magic
  3185 | D:2      | Noticed Natasha
  3189 | D:2      | Killed Natasha
  3190 | D:2      | Reached skill level 1 in Poison Magic
  3190 | D:2      | Reached XP level 5. HP: 28/28 MP: 10/15
  3212 | D:2      | Reached skill level 1 in Fire Magic
  3445 | D:3      | Found Haulim's Armour Emporium.
  4096 | D:4      | Found a staircase to the Ecumenical Temple.
  4142 | Temple   | Entered the Ecumenical Temple
  4475 | Temple   | Became a worshipper of Gozag Ym Sagoz the Greedy
  4645 | D:4      | Reached XP level 6. HP: 21/33 MP: 8/17
  4911 | D:4      | Reached skill level 7 in Spellcasting
  5121 | D:4      | Identified the +6 rapier of Magnificence {vorpal, rF+ rC+
                  | Dex+3}
  5548 | D:5      | Entered Level 5 of the Dungeon
  5549 | D:5      | Noticed Pikel
  6204 | D:5      | Reached skill level 8 in Spellcasting
  6204 | D:5      | Reached XP level 7. HP: 37/37 MP: 9/20
  6530 | D:5      | Reached skill level 5 in Conjurations
  7444 | D:5      | Reached skill level 1 in Fighting
  7444 | D:5      | Reached skill level 9 in Spellcasting
  7800 | D:6      | Noticed a yak
  7800 | D:6      | Noticed a yak
  7800 | D:6      | Noticed a yak
  7824 | D:6      | Killed a yak
  7825 | D:6      | Reached XP level 8. HP: 43/43 MP: 6/23
  8437 | D:5      | Killed Pikel
  8438 | D:5      | Reached skill level 10 in Spellcasting
  8558 | D:6      | Reached skill level 11 in Spellcasting
  8673 | D:5      | Reached XP level 9. HP: 47/47 MP: 11/26
  9537 | D:7      | Reached skill level 12 in Spellcasting
  9965 | D:7      | Noticed a red ugly thing
 10517 | D:7      | Reached skill level 13 in Spellcasting
 11086 | D:6      | Reached XP level 10. HP: 48/52 MP: 19/29
 11306 | D:8      | Noticed Maurice
 11366 | D:8      | Killed Maurice
 11448 | D:8      | Reached skill level 10 in Conjurations
 11499 | D:8      | Noticed Maggie
 11523 | D:8      | Killed Maggie
 12322 | D:9      | Found an iron altar of Okawaru.
 12327 | D:9      | Slain by a human

Illustrated notes

Levels and vault maps discovered:
D:1:      mrwooster_arrival_arrow, layout_loops_ring,
          nicolae_ecumenical_snake_handling
D:2:      layout_loops_ring, basic_altar, minmay_fountain_box, dk_noncrumbling_2
D:3:      layout_basic, serial_shops, nicolae_diamond_shop, minmay_misc_feat_x,
          kennysheep_big_empty_room, uniq_natasha
D:4:      layout_gridville, minmay_temple_entry_glass
D:5:      layout_basic, uniq_pikel
D:6:      layout_cave_pools
D:7:      layout_cave_pools, grunt_potential
D:8:      layout_basic, uniq_maggie, uniq_maurice
D:9:      layout_loops_cross, okawaru_humans
Temple:   mainiacjoe_temple_circle_huts

Skill      XL: |  1  2  3  4  5  6  7  8  9 10 |
---------------+-------------------------------+-----
Spellcasting   | 5 6 8 9 11 13 | 13.6
Conjurations   | 2 3 4 5 7 9 10 | 10.3
Dodging        | 3 4 |  4.0
Air Magic      | 1 2 |  2.7
Poison Magic   | 1 2 |  2.8
Fire Magic     | 1 2 3 |  3.1
Fighting       | 1 |  1.3
Translocations | 2 |  2.9
Stealth        | |  2.4
Summonings     | |  1.1

Action                   |  1- 3 |  4- 6 |  7- 9 | 10-12 || total
-------------------------+-------+-------+-------+-------++-------
 Cast: Magic Dart        |   131 |   114 |   354 |    83 ||   682
       Blink             |       |     6 |    12 |     1 ||    19
       Mephitic Cloud    |       |     2 |    25 |     6 ||    33
       Conjure Flame     |       |     6 |    25 |     7 ||    38
  Use: Scroll            |       |       |     6 |     1 ||     7
Armor: Robe              |     4 |     7 |     3 |     1 ||    15
Dodge: Dodged            |    21 |    40 |    71 |    29 ||   161
